 Dungeon Crawl Stone Soup version 0.27-a0-604-g29a88b33a7 (webtiles) character file.

Game seed: 9524528982667304425

1128 PentaManta the Ruffian (level 8, -4/70 (75) HPs)
             Began as a Troll Abyssal Knight on Mar 12, 2021.
             Was an Elder of Lugonu.
             Slain by a wight
             ... wielding a +0 battleaxe
              (11 damage)
             ... on level 6 of the Dungeon.
             The game lasted 00:11:52 (4061 turns).

PentaManta the Ruffian (Troll Abyssal Knight)       Turns: 4061, Time: 00:11:54

HP:   -4/70 (75)    AC:  0    Str: 23    XL:     8   Next: 13%
MP:   9/9           EV:  9    Int:  8    God:    Lugonu [****..]
Gold: 455           SH:  9    Dex: 15    Spells: 7/7 levels left

rFire    + . .     SeeInvis .     - Unarmed
rCold    . . .     Faith    .   i - +0 kite shield
rNeg     . . .     Spirit   .   a - +0 robe
rPois    .         Reflect  .   (helmet restricted)
rElec    .         Harm     .   (no cloak)
rCorr    .         Rampage  .   (gloves unavailable)
Will     .....                  (boots unavailable)
Stlth    +.........             (no amulet)
HPRegen  1.21/turn              g - ring of protection from fire
MPRegen  0.11/turn              d - +6 ring of dexterity

@: corroded, drained
A: large, unfitting armour, claws 3, regeneration 1, shaggy fur 1, tough skin 1
a: Renounce Religion, Depart the Abyss, Bend Space, Banish, Corrupt


You were on level 6 of the Dungeon.
You worshipped Lugonu.
Lugonu was greatly pleased with you.
You visited 1 branch of the dungeon, and saw 6 of its levels.
You visited the Abyss 1 time.
You also visited: Sewer.

You collected 455 gold pieces.

Inventory:

Hand Weapons
 j - a +3 short sword of venom
Missiles
 h - 13 poisoned darts (quivered)
Armour
 a - a +0 robe (worn)
 i - a +0 kite shield (worn)
Jewellery
 d - a +6 ring of dexterity (left claw)
 g - a ring of protection from fire (right claw)
 q - a ring of protection from cold
 t - a ring of wizardry
Wands
 m - a wand of digging (1)
 s - a wand of flame (14)
Scrolls
 k - a scroll of fog {unknown}
 l - 9 scrolls of teleportation
 u - a scroll of identify
 v - a scroll of silence {unknown}
 w - a scroll of enchant armour {unknown}
Potions
 b - a potion of resistance
 c - 4 potions of brilliance
 e - a potion of might
 f - 2 potions of heal wounds
 n - 2 potions of attraction
 o - a potion of mutation
 p - 4 potions of curing
 r - 2 potions of haste


   Skills:
 + Level 3.5 Fighting
 + Level 3.1 Dodging
 * Level 3.4 Shields
 + Level 6.8 Unarmed Combat
 + Level 3.2 Invocations


You had 7 spell levels left.
You didn't know any spells.
Your spell library contained the following spells:

 Spells                   Type           Power      Damage    Failure   Level
 Corona                   Hex            0%         N/A       82%         1
 Ensorcelled Hibernation  Hex/Ice        0%         N/A       91%         2
 Confusing Touch          Hex            0%         N/A       99%         3
 Dazzling Flash           Conj/Hex       0%         N/A       99%         3
 Tukima's Dance           Hex            0%         N/A       99%         3


Dungeon Overview and Level Annotations

Branches:
Dungeon (6/15)              Sewer (visited)
 Temple: D:4-7

Altars:
Cheibriados
Elyvilon
Qazlal
The Shining One

Shops:
D:4 (   D:5 (

Annotations:
D:3 Ijyb, Sigmund
D:4 1 runed translucent door, TRUEvector's ghost, amateur HuFi
D:6 1 runed translucent door, Crazy Yiuf


Innate Abilities, Weirdness & Mutations

You are too large for most types of armour.
You have claws for hands.
Your natural rate of healing is unusually fast.
You are covered in fur. (AC +1)
You have tough skin. (AC +1)


Message History

The wight is almost destroyed.
The wight zaps a wand.
The bolt of acid hits you. The acid corrodes you!
You are splashed with acid!
The wight hits you with a +0 quarterstaff!
You closely miss the wight.
The wight is almost destroyed.
The wight barely misses you.
The wight hits you with a +0 quarterstaff!
You feel drained.
You are too injured to fight recklessly!
You are too injured to fight recklessly!
You are too injured to fight recklessly!
Press: ? - help, v - describe, . - travel
Here: a wight, wielding a +0 battleaxe, wearing a +0 robe and carrying a wand of acid (8)
The floor.
Unknown command.
You block the wight's attack. x2; The wight closely misses you.
Things that are here:
a +2 dagger; a +0 robe You closely miss the wight.
You block the wight's attack. The wight closely misses you.
You barely miss the wight. You block the wight's attack.
The wight closely misses you.
You closely miss the wight.
The wight hits you with a +0 quarterstaff!
* * * LOW HITPOINT WARNING * * *
The wight hits you with a +0 battleaxe.
* * * LOW HITPOINT WARNING * * *
You feel drained.
Unknown command.
You scratch the wight.
The wight is moderately damaged.
The wight completely misses you.
You scratch the wight.
The wight is severely damaged.
You block the wight's attack.
The wight hits you with a +0 quarterstaff!
* * * LOW HITPOINT WARNING * * *
The wight hits you with a +0 battleaxe!
You die...

# # ####. # ##### .....#
######...# .#.#.#
#....).#.# #.....#
#.#..#.#.# ##..#.#.#
#.#.##.#.### ###........
..#..#.#.#.###.z@.......
###..#.#.#.#...zz.......
.....#...#.#........####
##...#####.............
........................
##......................
#......................
########'##........[...
#.##........###


You could see 3 wights.

Vanquished Creatures
  Eustachio (D:6)
  Duvessa (D:4)
  2 centaurs
  Dowan (D:4)
  A scorpion (D:5)
  A wight (D:6)
  2 howler monkeys
  2 hounds (D:5)
  2 orc priests
  3 orc wizards
  A hound skeleton (D:6)
  A howler monkey zombie (D:6)
  A worker ant zombie (D:4)
  8 adders
  3 gnolls
  2 river rats (Sewer)
  2 oozes (Sewer)
  An adder skeleton (D:5)
  An adder zombie (D:5)
  4 worms
  3 dart slugs
  4 leopard geckos
  17 orcs
  2 ball pythons
  7 giant cockroaches
  6 goblins
  5 hobgoblins (D:1)
  3 jackals (D:6)
  10 kobolds
  A quokka (D:2)
  11 bats
  2 frilled lizards
  A giant cockroach zombie (D:5)
  13 rats
  A toadstool (D:4)
126 creatures vanquished.

Vanquished Creatures (others)
  An orc wizard (D:5)
  2 fungi (D:4)
  4 toadstools (D:4)
7 creatures vanquished.

Grand Total: 133 creatures vanquished

Notes
Turn   | Place    | Note
-------+----------+-------------------------------------------
     0 | Abyss:1  | PentaManta the Troll Abyssal Knight began the quest for the
                  | Orb.
     0 | Abyss:1  | Reached XP level 1. HP: 22/22 MP: 1/1
    88 | Abyss:1  | Noticed a sixfirhy
    89 | D:1      | Escaped the Abyss
   184 | D:1      | Reached * piety under Lugonu
   296 | D:1      | Reached XP level 2. HP: 29/29 MP: 2/2
   422 | D:1      | Reached skill level 3 in Unarmed Combat
   554 | D:1      | Reached XP level 3. HP: 36/36 MP: 3/3
   923 | D:2      | Reached ** piety under Lugonu
   930 | D:1      | Reached skill level 4 in Unarmed Combat
   985 | D:2      | Reached XP level 4. HP: 19/44 MP: 4/4
  1633 | D:2      | Found a stormy altar of Qazlal.
  1765 | D:3      | Reached skill level 5 in Unarmed Combat
  1774 | D:3      | Noticed Ijyb
  1784 | D:3      | Noticed Sigmund
  1797 | D:4      | Reached XP level 5. HP: 18/50 MP: 5/5
  1867 | D:4      | Found a white marble altar of Elyvilon.
  2093 | D:4      | Reached skill level 6 in Unarmed Combat
  2181 | D:4      | Found Ludwoj's Weapon Boutique.
  2212 | D:4      | Found a runed translucent door.
  2241 | D:4      | Noticed TRUEvector's ghost (amateur HuFi)
  2378 | D:5      | Entered Level 5 of the Dungeon
  2417 | D:5      | Reached XP level 6. HP: 49/59 MP: 6/6
  2428 | D:5      | Reached skill level 1 in Shields
  2469 | D:5      | Noticed Dowan
  2471 | D:5      | Noticed Duvessa
  2590 | D:4      | Killed Duvessa
  2591 | D:4      | Reached XP level 7. HP: 19/66 MP: 5/7
  2601 | D:4      | Killed Dowan
  2721 | D:5      | Reached *** piety under Lugonu
  2737 | D:5      | Found a snail-covered altar of Cheibriados.
  2775 | D:5      | Found a glowing golden altar of the Shining One.
  2872 | D:5      | Found a glowing drain.
  2885 | Sewer    | Entered a sewer
  3298 | D:5      | Found Kurorapa's Weapon Boutique.
  3669 | D:6      | Noticed Eustachio
  3755 | D:6      | Killed Eustachio
  3831 | D:6      | Reached XP level 8. HP: 75/75 MP: 9/9
  3870 | D:6      | Found a runed translucent door.
  3871 | D:6      | Noticed Crazy Yiuf
  3918 | D:6      | Reached **** piety under Lugonu
  4061 | D:6      | Slain by a wight

Illustrated notes

Levels and vault maps discovered:
D:1:      minmay_arrival_stone_box, layout_loops_ring, minmay_pentomino_u4
D:2:      layout_basic, lemuel_coloured_pillars_altar
D:3:      layout_basic, ashenzari_altar_1, uniq_ijyb, uniq_jessica, uniq_sigmund
D:4:      layout_rooms, elyvilon_altar_1, ebering_ghost_reflecting_pool,
          serial_shops, shop, corexii_leaking_fountain, minmay_gold_behind_fungi
D:5:      layout_basic, serial_shops, kennysheep_mini, basic_altar,
          gup_sewer_entry_bubbles, kennysheep_slug_shrine, uniq_duvessa
D:6:      minmay_evil_eye, layout_basic, serial_co_window_serial,
          co_window_of_opportunity_a, co_window_paths_b,
          co_window_of_opportunity_a, co_window_paths_b,
          co_window_of_opportunity_a, co_window_broadway_a, co_window_corner_b,
          co_window_unsneaky_path_a, co_window_unsneaky_path_c,
          co_window_2corner, co_window_broadway_c, glass_columns_c,
          glass_columns_a, uniq_eustachio, uniq_crazy_yiuf_cottage

Skill      XL: |  1  2  3  4  5  6  7 |
---------------+----------------------+-----
Unarmed Combat | 3 4 5 6 |  6.8
Dodging        | 2 3 |  3.1
Shields        | 2 3 |  3.4
Invocations    | 2 3 |  3.2
Fighting       | 3 |  3.5

Action                   |  1- 3 |  4- 6 |  7- 9 || total
-------------------------+-------+-------+-------++-------
Melee: Unarmed           |   116 |   146 |   157 ||   419
       Punch             |     1 |     5 |     1 ||     7
Invok: Depart the Abyss  |     1 |       |       ||     1
       Bend Space        |       |     2 |     3 ||     5
  Use: Potion            |       |     3 |       ||     3
       Scroll            |       |     1 |     9 ||    10
 Stab: Sleeping          |       |       |     1 ||     1
Armor: Robe              |    68 |    52 |    58 ||   178
Dodge: Dodged            |    85 |    90 |   103 ||   278
Block: Kite shield       |       |       |    42 ||    42

Table legend: (Time is in decaauts)
 A = Elapsed time spent in this place.
 B = Non-inter-level travel time spent in this place.
 C = Inter-level travel time spent in this place.
 D = Time resting spent in this place.
 E = Time spent auto-exploring this place.
 F = Levels seen in this place.
 G = Mean time per level.
                   A        B        C        D        E       F      G
               +--------+--------+--------+--------+--------+-----+--------+
         Total |   4120 |   3993 |    127 |    201 |   2655 |   8 |  515.0 |
       Dungeon |   3725 |   3598 |    127 |    201 |   2418 |   6 |  620.8 |
         Abyss |     89 |     89 |      0 |      0 |     87 |   1 |   89.0 |
         Sewer |    306 |    306 |      0 |      0 |    150 |   1 |  306.0 |
               +--------+--------+--------+--------+--------+-----+--------+

Top non-repeatable levels by time:
     D:1: 816 daAuts
     D:2: 790 daAuts
     D:4: 772 daAuts
     D:5: 682 daAuts
     D:6: 575 daAuts
   Sewer: 306 daAuts
 Abyss:1: 89 daAuts
     D:3: 87 daAuts
